 Dungeon Crawl Stone Soup version 0.29.1-12-g30fa7ad0bf (webtiles) character file.

Game seed: 9304544474947608793

1033 retardedninja the Cleaver (level 8, -1/68 HPs)
             Began as a Hill Orc Fighter on Dec 15, 2022.
             Was an Initiate of Gozag.
             Succumbed to a hornet's poison
             ... on level 6 of the Dungeon.
             The game lasted 00:08:10 (7070 turns).

retardedninja the Cleaver (Hill Orc Fighter)        Turns: 7070, Time: 00:08:10

Health: -1/68      AC: 13    Str: 21    XL:     8   Next: 24%
Magic:  8/8        EV:  7    Int: 14    God:    Gozag
Gold:   379        SH:  8    Dex:  8    Spells: 7/7 levels left

rFire   . . .      SeeInvis .   a - +2 war axe (freeze)
rCold   . . .      Faith    .   c - +0 buckler
rNeg    . . .      Spirit   .   k - +1 chain mail
rPois   .          Reflect  .   (no helmet)
rElec   .          Harm     .   (no cloak)
rCorr   .          Rampage  .   x - +0 pair of gloves
Will    .....                   d - +0 pair of boots
Stlth   ..........              q - amulet of the acrobat
HPRegen 0.21/turn               m - +6 ring of intelligence
MPRegen 0.11/turn               (no ring)

@: lethally poisoned (-1 -> -5), slowed, very slow
A: large bone plates 1, clumsy 1, passive freeze
a: Renounce Religion, Potion Petition, Call Merchant, Bribe Branch


You were on level 6 of the Dungeon.
You worshipped Gozag.
Gozag was aware of your devotion.
You visited 2 branches of the dungeon, and saw 7 of its levels.

You collected 492 gold pieces.
You paid 113 gold pieces to Gozag.

Inventory:

Hand Weapons
 a - a +2 war axe of freezing (weapon)
Armour
 c - a +0 buckler (worn)
 d - a +0 pair of boots (worn)
 k - a +1 chain mail (worn)
 x - a +0 pair of gloves (worn)
Jewellery
 g - a ring of ice
 m - a +6 ring of intelligence (left hand)
 q - an amulet of the acrobat (around neck)
Wands
 t - a wand of charming (14)
Scrolls
 h - 2 scrolls of teleportation
 o - 2 scrolls of magic mapping
 p - a scroll of amnesia
Potions
 e - a potion of degeneration
 f - a potion of mutation
 j - 2 potions of attraction
 l - a potion of magic
 r - a potion of flight
Miscellaneous
 b - a lightning rod (2/4) (quivered)


   Skills:
 + Level 5.3 Fighting
 + Level 8.3 Axes
 + Level 6.1 Armour
 - Level 1.1 Dodging
 - Level 0.6 Stealth
 + Level 4.9 Shields
 + Level 0.2 Evocations


You had 7 spell levels left.
You didn't know any spells.
Your spell library contained the following spells:

 Spells                   Type           Power      Damage    Failure   Level
 Apportation              Tloc           0%         N/A       97%         1
 Magic Dart               Conj           0%         1d3       97%         1
 Call Imp                 Summ           0%         N/A       99%         2
 Mephitic Cloud           Conj/Pois/Air  0%         N/A       100%        3


Dungeon Overview and Level Annotations

Branches:
Dungeon (6/15)             Temple (1/1) D:4

Altars:
Ashenzari
Cheibriados
Elyvilon
Gozag
Kikubaaqudgha
Makhleb
Nemelex Xobeh
Okawaru
Ru
Sif Muna
Trog
Uskayaw
Vehumet
Wu Jian
Xom
Yredelemnul
Zin
The Shining One

Shops:
D:5 ?

Annotations:
D:4 2 transporters, 0gre's ghost, novice GnIE


Innate Abilities, Weirdness & Mutations

You are partially covered in large bone plates. (SH +4)
You are clumsy. (Dex -2)
A frigid envelope surrounds you and freezes all who hurt you.


Message History

You hit the hornet. You freeze the hornet.
The hornet is moderately wounded.
You feel very sick.
The hornet stings you but does no damage.
The hornet stings you!
You are more poisoned.
You feel yourself slow down.
You hit the hornet but do no damage.
The hornet is moderately wounded.
You feel yourself speed up.
You feel very sick. The hornet completely misses you. The hornet stings you.
You feel yourself slow down. You block the hornet's attack.
You hit the hornet. You freeze the hornet.
The hornet is moderately wounded.
You feel very sick. The hornet stings you!
* * * LOW HITPOINT WARNING * * *
You suddenly lose the ability to move!
The hornet barely misses you.
You feel sick.
The hornet stings you but does no damage.
The hornet stings you!
* * * LOW HITPOINT WARNING * * *
You feel as though you will be slow longer.
You can move again.
Okay, then.
As you read the scroll of teleportation, it crumbles to dust.
You feel strangely unstable.
You feel sick.
The hornet stings you but does no damage.
The hornet stings you!
* * * LOW HITPOINT WARNING * * *
You feel as though you will be slow longer.
Unknown command.
Really quaff the potion of mutation?
You feel extremely strange.
Large bone plates grow over parts of your arms.
You feel clumsy.
Your skin feels very cold.
Your surroundings suddenly seem different.
You die...
Your body crumbles into a pile of gold.

##
##+##.##
#......#
#......#
#......#
#@.....#
##......#
...####
+....#
....#
#....#
....#
#....#
....#
#....###
#+###
#......#
$
#......#


There were no monsters in sight!

Vanquished Creatures
  Grinder (D:3)
  An orc warrior (D:6)
  An ice beast (D:5)
  A gnoll sergeant (D:5)
  A howler monkey (D:5)
  An orc priest (D:6)
  2 hounds (D:5)
  An iguana (D:4)
  Jessica (D:2)
  Ijyb (D:3)
  Natasha (thrice) (D:3)
  10 gnolls
  8 adders
  A white imp (D:6)
  2 ufetubi
  3 worms (D:3)
  5 dart slugs
  8 orcs
  7 ball pythons
  6 endoplasms
  A giant cockroach (D:1)
  13 hobgoblins
  3 jackals (D:1)
  2 quokkas (D:1)
  8 bats
  5 frilled lizards
  9 goblins
  7 kobolds
  6 rats
  A spectral goblin (D:2)
119 creatures vanquished.

Vanquished Creatures (others)
  6 plants (D:4)
6 creatures vanquished.

Grand Total: 125 creatures vanquished

Notes
Turn   | Place    | Note
-------+----------+-------------------------------------------
     0 | D:1      | retardedninja the Hill Orc Fighter began the quest for the
                  | Orb.
     0 | D:1      | Reached XP level 1. HP: 19/19 MP: 1/1
    70 | D:1      | Reached XP level 2. HP: 23/27 MP: 2/2
   422 | D:1      | Reached XP level 3. HP: 33/33 MP: 3/3
   467 | D:1      | Reached skill level 3 in Axes
  1179 | D:2      | Found a faded altar of an unknown god.
  1255 | D:2      | Reached skill level 4 in Axes
  1255 | D:2      | Reached XP level 4. HP: 18/40 MP: 4/4
  1552 | D:2      | Found an ornate altar of the Wu Jian Council.
  1666 | D:2      | Noticed Jessica
  1672 | D:2      | Killed Jessica
  1673 | D:2      | Reached XP level 5. HP: 42/46 MP: 5/5
  1997 | D:3      | Noticed Grinder
  1998 | D:3      | Paralysed by Grinder for 3 turns
  2010 | D:3      | Killed Grinder
  2011 | D:3      | Reached skill level 5 in Axes
  2011 | D:3      | Reached skill level 1 in Dodging
  2011 | D:3      | Reached XP level 6. HP: 11/53 MP: 6/6
  2491 | D:3      | Found an ancient bone altar of Kikubaaqudgha.
  2491 | D:3      | Found a shimmering blue altar of Sif Muna.
  2493 | D:3      | Found a radiant altar of Vehumet.
  2498 | D:3      | Got Sif Muna's Precepts of Transposition
  2736 | D:3      | Noticed Natasha
  2739 | D:3      | Killed Natasha
  2740 | D:3      | Reached skill level 6 in Axes
  2918 | D:3      | Noticed Natasha
  2924 | D:3      | Killed Natasha
  3045 | D:3      | Found a snail-covered altar of Cheibriados.
  3060 | D:3      | Noticed Natasha
  3065 | D:3      | Killed Natasha
  3073 | D:3      | Noticed Ijyb
  3088 | D:3      | Killed Ijyb
  3089 | D:3      | Reached XP level 7. HP: 12/60 MP: 7/7
  3659 | D:3      | Reached skill level 5 in Armour
  4123 | D:4      | Found a staircase to the Ecumenical Temple.
  4137 | Temple   | Entered the Ecumenical Temple
  4685 | D:4      | Found a glowing golden altar of the Shining One.
  4691 | D:4      | Found a basalt altar of Yredelemnul.
  4694 | D:4      | Found a sacrificial altar of Ru.
  4694 | D:4      | Found a burning altar of Makhleb.
  4702 | D:4      | Found an opulent altar of Gozag.
  4709 | D:4      | Became a worshipper of Gozag Ym Sagoz the Greedy
  4827 | D:4      | Found a transporter.
  4829 | D:4      | Found a transporter.
  4837 | D:4      | Found a glowing silver altar of Zin.
  4894 | D:4      | Identified the +0 buckler of the Bulwark {Will+ Int+2}
  4901 | D:4      | Noticed 0gre's ghost (novice GnIE)
  4983 | D:5      | Entered Level 5 of the Dungeon
  5042 | D:5      | Reached skill level 5 in Fighting
  5042 | D:5      | Reached skill level 7 in Axes
  5599 | D:5      | Reached XP level 8. HP: 32/68 MP: 8/8
  6034 | D:5      | Found Ytur's Magic Scroll Shoppe.
  6078 | D:5      | Reached skill level 8 in Axes
  6960 | D:6      | Noticed a hornet
  7063 | D:6      | Paralysed by a hornet for 2 turns
  7067 | D:6      | Paralysed by a hornet for 2 turns
  7069 | D:6      | HP: 1/68 [hornet (7)]
  7070 | D:6      | Gained mutation: You are partially covered in large bone
                  | plates. (SH +4) [potion of mutation]
  7070 | D:6      | Gained mutation: You are clumsy. (Dex -2) [potion of
                  | mutation]
  7070 | D:6      | Gained mutation: A frigid envelope surrounds you and
                  | freezes all who hurt you. [potion of mutation]
  7070 | D:6      | Succumbed to a hornet's poison

Illustrated notes

Levels and vault maps discovered:
D:1:      dpeg_arrival_erosion, layout_basic, minmay_pentomino_p4
D:2:      layout_loops_ring, dreamdust_ecumenical_altar_drowned_temple,
          basic_altar, glass_columns_b, uniq_jessica
D:3:      minmay_octagon_keep, layout_basic,
          grunt_temple_overflow_magic_moments, kennysheep_slug_shrine,
          minivault_26, uniq_natasha, uniq_grinder, uniq_ijyb
D:4:      layout_cave_pools, zin_statuary, nicolae_overflow_hallway_of_the_gods,
          minmay_temple_entry_trees, gammafunk_ghost_gnarly_gnolls
D:5:      layout_loops_ring, serial_shops, nicolae_shop_hallway_stairs
D:6:      layout_gridville, nrook_pool_corridor
Temple:   nicolae_temple_two_arcs

Skill      XL: |  1  2  3  4  5  6  7  8 |
---------------+-------------------------+-----
Fighting       | 4 5 |  5.3
Axes           | 4 5 6 7 8 |  8.3
Armour         | 4 5 6 |  6.1
Dodging        | 1 |  1.1
Shields        | 4 |  4.9
Stealth        | |  0.6
Evocations     | |  0.2

Action                   |  1- 3 |  4- 6 |  7- 9 || total
-------------------------+-------+-------+-------++-------
Melee: War axe           |   108 |    76 |   198 ||   382
Evoke: Lightning rod     |       |       |     4 ||     4
  Use: Potion            |     1 |     6 |     5 ||    12
       Scroll            |       |       |    19 ||    19
Armor: Scale mail        |    41 |       |       ||    41
       Chain mail        |    22 |    39 |   128 ||   189
       Skin              |       |       |     6 ||     6
Dodge: Dodged            |    45 |    21 |    77 ||   143
Block: Buckler           |    40 |    15 |    65 ||   120
